 Dungeon Sprint DCSS version 0.30-a0-779-g7971cf19c3 (webtiles) character file.

Game seed: 14273478266673312459

427 dialectric the Unseen (level 6, 0/32 HPs)
             Began as a Spriggan Brigand on Feb 17, 2023.
             Succumbed to a water moccasin's poison
             ... in the Dungeon (Sprint II: "The Violet Keep of Menkaure").
             The game lasted 00:01:22 (182 turns).

dialectric the Unseen (Spriggan Brigand)             Turns: 182, Time: 00:01:23

Health: 0/32       AC:  3    Str:  7    XL:     6   Next: 65%
Magic:  7/7        EV: 17    Int: 12    God:
Gold:   193        SH:  0    Dex: 19    Spells: 5/5 levels left

rFire   . . .      SeeInvis +    a - +2 dagger
rCold   . . .      Faith    .    (no shield)
rNeg    . . .      Spirit   .    b - +0 robe
rPois   .          Reflect  .    (helmet restricted)
rElec   .          Harm     .    c - +0 cloak
rCorr   .          Rampage  .    (gloves unavailable)
Will    +....      NoTele   +    (boots unavailable)
Stlth   +++++++                  (no amulet)
HPRegen 0.25/turn                (no ring)
MPRegen 0.10/turn                (no ring)

@: lethally poisoned (0 -> -6), very quick
A: very small, no large weapons, unfitting armour, see invisible, speed 3
a: no special abilities


You were in the Dungeon.
You visited 1 branch You collected 243 gold pieces.
You spent 50 gold pieces at shops.

Inventory:

Hand Weapons
 a - a +2 dagger (weapon)
Missiles
 d - 5 poisoned darts (quivered)
Armour
 b - a +0 robe (worn)
 c - a +0 cloak (worn)
Scrolls
 j - a scroll of identify {unknown}
 k - a scroll of blinking
Potions
 h - a potion of haste
 i - 2 potions of magic


   Skills:
 + Level 3.2 Fighting
 + Level 5.2 Short Blades
 + Level 3.8 Throwing
 + Level 2.4 Dodging
 * Level 19.5 Stealth


You had 5 spell levels left.
You didn't know any spells.
Your spell library was empty.

Dungeon Overview and Level Annotations

Branches:
Dungeon (1/1)

Altars:

Shops:
D ??:(!?=[:[[!:=!

Annotations:
D exclusion: oklob plant


Innate Abilities, Weirdness & Mutations

You are very small and have problems with some larger weapons.
You are too small for most types of armour.
You have supernaturally acute eyesight. (SInv)
You cover ground extremely quickly. (Speed+++)


Message History

The water moccasin is heavily wounded.
You feel sick. The water moccasin bites you.
You feel much better.
You feel sick. The water moccasin bites you!
You hit the water moccasin but do no damage.
The water moccasin is heavily wounded.
You feel sick.
The water moccasin bites you but does no damage.
You barely miss the water moccasin. Your punch misses the water moccasin.
The water moccasin is heavily wounded.
You feel sick. The water moccasin bites you!
You hit the water moccasin. You punch the water moccasin.
The water moccasin is severely wounded.
The water moccasin bites you.
You hit the water moccasin.
The water moccasin is severely wounded.
You feel sick. The water moccasin bites you.
You are lethally poisoned!
The water moccasin poisons you!
You closely miss the water moccasin.
The water moccasin is severely wounded.
* * * LOW HITPOINT WARNING * * *
You feel very sick. The water moccasin bites you.
* * * LOW HITPOINT WARNING * * *
You hit the water moccasin.
The water moccasin is almost dead.
* * * LOW HITPOINT WARNING * * *
You feel sick. The water moccasin misses you.
You barely miss the water moccasin.
The water moccasin is almost dead.
* * * LOW HITPOINT WARNING * * *
You feel sick. The water moccasin misses you.
You hit the water moccasin but do no damage.
The water moccasin is almost dead.
* * * LOW HITPOINT WARNING * * *
You feel sick.
The water moccasin bites you but does no damage.
You hit the water moccasin.
The water moccasin is almost dead.
You die...

..∩.∩.∩.#~##.# #'#
...∩.∩..#(#..###.##
....⌠...'~'##†+.<.+
........#~#..###.##
▓▓▓▓▓▓###~##.# #+#
?hD######~(### $.h#
##~~~# ∩P! #S#~# $.
#@#~~# ### ~~~ ++#
○


You could see a water moccasin.

Vanquished Creatures
  Menkaure (D)
  A necrophage (D)
  4 scorpions (D)
  A hell rat (D)
7 creatures vanquished.

Notes
Turn   | Place    | Note
-------+----------+-------------------------------------------
     0 | D        | dialectric the Spriggan Brigand began the quest for the
                  | Orb.
     0 | D        | Reached XP level 1. HP: 10/10 MP: 2/2
     1 | D        | Noticed a scorpion
     1 | D        | Noticed a scorpion
     1 | D        | Noticed a scorpion
     1 | D        | Noticed a scorpion
     9 | D        | Killed a scorpion
    10 | D        | Reached skill level 11 in Stealth
    10 | D        | Reached XP level 2. HP: 15/15 MP: 3/3
    10 | D        | Reached XP level 3. HP: 18/18 MP: 4/4
    15 | D        | Killed a scorpion
    16 | D        | Reached skill level 13 in Stealth
    16 | D        | Reached XP level 4. HP: 23/23 MP: 5/5
    18 | D        | Killed a scorpion
    19 | D        | Reached skill level 15 in Stealth
    19 | D        | Reached XP level 5. HP: 27/27 MP: 6/6
    21 | D        | Reached skill level 16 in Stealth
    94 | D        | Found Ifovvymp's Distillery.
    94 | D        | Found Xicayses's Book Boutique.
    94 | D        | Found Uhiedapias's Jewellery Shop.
    94 | D        | Found Lyidaot's Antique Armour Boutique.
    94 | D        | Found Ivagg's Distillery.
    94 | D        | Found Ohogulee's Antique Armour Boutique.
    94 | D        | Found Ezunuz's Antique Armour Shop.
    94 | D        | Found Guxkom's Book Boutique.
    95 | D        | Found Orapsubb's Jewellery Shop.
    95 | D        | Found Wuel's Magic Scroll Boutique.
    95 | D        | Noticed Menkaure
    98 | D        | Found Plog's Distillery.
    98 | D        | Found Omasyter's Antique Weapon Shop.
    98 | D        | Noticed a fire dragon
    98 | D        | Noticed an oklob plant
    99 | D        | Found Akhuqi's Magic Scroll Shop.
    99 | D        | Found Fugalosm's Magic Scroll Boutique.
    99 | D        | Found Dykhler's Book Shoppe.
    99 | D        | Noticed a hell hog
   102 | D        | Bought a potion of berserk rage for 50 gold pieces
   105 | D        | Noticed a hell hog
   109 | D        | Reached skill level 17 in Stealth
   109 | D        | Reached XP level 6. HP: 32/32 MP: 7/7
   113 | D        | Killed Menkaure
   114 | D        | Reached skill level 5 in Short Blades
   114 | D        | Reached skill level 19 in Stealth
   157 | D        | Noticed a water moccasin
   182 | D        | Succumbed to a water moccasin's poison

Illustrated notes

Levels and vault maps discovered:
D:        the_violet_keep_of_menkaure [sprint2_stairs_cluster_1,
          sprint2_shoproom, sprint2_temple, sprint2_basic_supplies,
          sprint2_obstacle_3, sprint2_obstacle_5, sprint2_obstacle_1,
          sprint2_obstacle_2, sprint2_obstacle_6, sprint2_timed_cluster_1,
          sprint2_smallroom_cluster_1, sprint2_smallroom_final_cluster_1,
          sprint2_transparent_cluster_1, sprint2_second_timed_cluster_1,
          sprint2_sniper_area_1, sprint2_heavy_combat_area_1,
          sprint2_mutation_trap_area_1, sprint2_forest_area_1,
          sprint2_light_combat_area_1, sprint2_behind_water_1,
          sprint2_near_end_vault_1]

Skill      XL: |  1  2  3  4  5  6 |
---------------+-------------------+-----
Fighting       | 2 3 |  3.2
Short Blades   | 3 4 5 |  5.2
Stealth        | 11 13 15 17 19 | 19.5
Throwing       | 3 |  3.8
Dodging        | 2 |  2.4

Action                     |  1- 3 |  4- 6 || total
---------------------------+-------+-------++-------
  Melee: Dagger            |    13 |    26 ||    39
         Punch             |       |     1 ||     1
  Throw: Dart              |       |     7 ||     7
    Use: Potion            |     1 |     3 ||     4
   Stab: Sleeping          |       |     1 ||     1
 Armour: Robe              |       |     5 ||     5
  Dodge: Dodged            |     7 |    10 ||    17

Table legend: (Time is in decaauts)
 A = Elapsed time spent in this place.
 B = Non-inter-level travel time spent in this place.
 C = Inter-level travel time spent in this place.
 D = Time resting spent in this place.
 E = Time spent auto-exploring this place.
 F = Levels seen in this place.
 G = Mean time per level.
                   A        B        C        D        E       F      G
               +--------+--------+--------+--------+--------+-----+--------+
         Total |    181 |    181 |      0 |    108 |      0 |   1 |  181.0 |
       Dungeon |    181 |    181 |      0 |    108 |      0 |   1 |  181.0 |
               +--------+--------+--------+--------+--------+-----+--------+

Top non-repeatable levels by time:
       D: 181 daAuts
